[Event "Titled Tuesday Blitz February 28 Early 2023"]
[White "Eswaran, Ashritha"]
[Black "Rosen, Eric"]
[WhiteFideId "2080788"]
[BlackFideId "2032562"]
[WhiteElo "2529"]
[BlackElo "2359"]
[Result "1-0"]
[Round "06"]
[TimeControl "180+2"]
[Date "2023.02.28"]
[WhiteClock "0:00:05"]
[BlackClock "0:00:01"]

1. e4 c5 2. Nf3 Nc6 3. d4 cxd4 4. Nxd4 g6 5. c4 Nf6 6. Nc3 d6 7. Be2 Nxd4 8. Qxd4 Bg7 9. Be3 O-O 10. Qd2 a5 11. O-O a4 12. f4 Qa5 13. Rad1 a3 14. b3 Ng4 15. Nd5 Nxe3 16. Nxe7+ Kh8 17. Qxe3 Re8 18. Nxc8 Raxc8 19. Rxd6 Bf8 20. Qd4+ Kg8 21. Rd5 Bc5 22. Kh1 Bxd4 23. Rxa5 Rxe4 24. Bf3 Rxf4 25. g3 Rf6 26. Kg2 b6 27. Rxa3 Kg7 28. Ra7 Re8 29. Rd1 Bc5 30. Rdd7 Re3 31. Bd5 Re2+ 32. Kh3 Rff2 33. Rxf7+ Kh6 34. Rxf2 Rxf2 35. Bg8 Kg5 36. Rxh7 Rxa2 37. Rd7 Bg1 38. Rd5+ Kf6 39. Kg4 Ra8 40. Rd6+ Ke7 41. Rxg6 Bxh2 42. Bd5 Ra3 43. Rxb6 Bg1 44. Rb7+ Kd6 45. Kg5 Ra2 46. g4 Be3+ 47. Kg6 Rf2 48. Rf7 Rh2 49. Rf6+ Kd7 50. g5 Rh3 51. Kf7 Rg3 52. g6 Bd4 53. Rf5 Rg1 54. b4 Kd6 55. b5 Kc7 56. b6+ Kxb6 57. Rh5 Kc5 58. Rh2 Rf1+ 59. Ke8 Re1+ 60. Kf8 Rf1+ 61. Kg8 Kd6 62. Rg2 Ra1 63. g7 Rh1 64. Kf7 Rf1+ 65. Ke8 Re1+ 66. Kd8 Rb1 67. Rg6+ Kc5 68. g8=Q Kb4 69. Qf8+ Bc5 70. Qf6 Ra1 71. Kd7 Ra7+ 72. Ke6 Ra6+ 73. Kf5 Ra4 74. Qd8 Kc3 75. Qb8 1-0


[Site "https://www.chess.com"]

[Event "Titled Tuesday Blitz February 28 Early 2023"]
[White "Toncheva, Nadya"]
[Black "Starozhilov, Leonid"]
[WhiteFideId "2924056"]
[BlackFideId "14106752"]
[WhiteElo "2101"]
[BlackElo "2414"]
[Result "1/2-1/2"]
[Round "06"]
[TimeControl "180+2"]
[Date "2023.02.28"]
[WhiteClock "0:00:09"]
[BlackClock "0:00:04"]

1. e4 c5 2. Nf3 e6 3. c3 d5 4. exd5 exd5 5. d4 Nc6 6. Bb5 Bd6 7. dxc5 Bxc5 8. O-O Ne7 9. Nbd2 O-O 10. Nb3 Bd6 11. Re1 Bg4 12. h3 Bh5 13. Be2 a6 14. Nfd4 Bg6 15. Bd3 Qd7 16. Bxg6 hxg6 17. Qf3 Rac8 18. Bf4 Rfe8 19. Rad1 Rcd8 20. Nc2 Qf5 21. Bxd6 Qxf3 22. gxf3 Rxd6 23. Nc5 Rb8 24. c4 d4 25. Kg2 Nf5 26. Re4 a5 27. Nb3 Rbd8 28. Rd3 f6 29. Nc5 Rb8 30. f4 b6 31. Nb3 Rbd8 32. Kf3 a4 33. Nc1 Kf7 34. Ne2 Rh8 35. Kg2 Nh4+ 36. Kg3 f5 37. Ree3 Rhd8 38. Re5 g5 39. Rd5 Rxd5 40. cxd5 Rxd5 41. fxg5 Ng6 42. Nf4 Rc5 43. Nxg6 Kxg6 44. Rd2 Kxg5 45. Nxd4 f4+ 46. Kf3 Ne5+ 47. Ke4 Ra5 48. Ne6+ Kf6 49. Nxf4 Nc4 50. Nd5+ Kf7 51. Rc2 Nd6+ 52. Ke5 Ne8 53. Kd4 Nd6 54. Nxb6 Rb5 55. Nd5 Nf5+ 56. Ke5 Ne7 57. Rc7 Rxd5+ 58. Ke4 Rd2 59. f4 Re2+ 60. Kf3 Rxb2 61. a3 Rb3+ 62. Ke4 Rxa3 63. h4 Rb3 64. Ra7 Rb4+ 65. Ke5 Rb5+ 66. Kd6 Rb6+ 67. Ke5 Re6+ 68. Kd4 Rh6 69. Ke5 Rxh4 70. Kd6 Rh6+ 71. Ke5 Re6+ 72. Kd4 Rf6 73. Ke4 Kf8 74. Rxa4 Ng6 75. Ra8+ Kf7 76. Ra7+ Kg8 77. f5 Nf8 78. Ra5 Rf7 79. Ke5 Nd7+ 80. Ke6 Nf6 81. Ra8+ Rf8 82. Ra1 Re8+ 83. Kd6 Kf7 84. Rb1 Re3 85. Rb7+ Kg8 86. Rb8+ Kh7 87. Rb7 Kh6 88. Ra7 Ne8+ 89. Kd7 Nf6+ 90. Kd6 Re8 91. Rb7 Rg8 92. Ke6 Kg5 93. Rb5 Kg4 94. Kf7 Rd8 95. Kxg7 Nh5+ 96. Kf7 Rd3 97. Ke7 Rf3 98. Ke6 Nf4+ 99. Ke7 Nd3 100. Ra5 Nf4 101. f6 Ng6+ 102. Ke6 Nf8+ 103. Ke7 Ng6+ 104. Ke6 Re3+ 105. Kf7 Ne5+ 106. Kg7 Nd3 107. f7 Re7 108. Ra4+ Kg5 109. Ra5+ Kg4 110. Kf6 Rxf7+ 111. Kxf7 Nf4 112. Ke7 Kf3 113. Kf6 Ke4 114. Ke7 Nd5+ 115. Rxd5 Kxd5 1/2-1/2


[Site "https://www.chess.com"]

[Event "Titled Tuesday Blitz February 28 Early 2023"]
[White "Sadubayev, Airat"]
[Black "Berkes, Ferenc"]
[WhiteFideId "13713264"]
[BlackFideId "718572"]
[WhiteElo "2101"]
[BlackElo "2664"]
[Result "1-0"]
[Round "06"]
[TimeControl "180+2"]
[Date "2023.02.28"]
[WhiteClock "0:00:30"]
[BlackClock "0:00:48"]

1. d4 Nf6 2. c4 g6 3. Nc3 Bg7 4. e4 d6 5. f3 O-O 6. Be3 c5 7. Nge2 cxd4 8. Nxd4 Nc6 9. Qd2 Nxd4 10. Bxd4 Be6 11. Rc1 a6 12. b3 Nd7 13. Be3 Nc5 14. Be2 a5 15. O-O Rc8 16. Rfd1 Re8 17. Nd5 Bxd5 18. cxd5 Qb6 19. Bc4 Qb4 20. Qe2 h5 21. Rc2 Rc7 22. Bb5 Rec8 23. Rdc1 Bd4 24. Bxd4 Qxd4+ 25. Kh1 Nxe4 26. Bc4 Nf6 27. a4 Kg7 28. Re1 h4 29. Rd2 Qf4 30. Qf2 Rxc4 31. bxc4 Rxc4 32. Rxe7 Ne4 33. Rxe4 1-0


[Site "https://www.chess.com"]

[Event "Titled Tuesday Blitz February 28 Early 2023"]
[White "Kowalczyk, Pawel"]
[Black "Yaniuk, Volodymyr"]
[WhiteFideId "1130641"]
[BlackFideId "14133083"]
[WhiteElo "2324"]
[BlackElo "2141"]
[Result "1-0"]
[Round "06"]
[TimeControl "180+2"]
[Date "2023.02.28"]
[WhiteClock "0:01:58"]
[BlackClock "0:00:47"]

1. e4 e5 2. Nf3 Nc6 3. Bb5 Nf6 4. O-O Nxe4 5. d4 Nd6 6. Bxc6 dxc6 7. dxe5 Nf5 8. Qxd8+ Kxd8 9. b3 Bd7 10. Bb2 Be7 11. Nc3 Kc8 12. Rad1 h6 13. h3 a5 14. a4 b6 15. Rfe1 Be6 16. Ne2 Bb4 17. Bc3 Bxc3 18. Nxc3 Rd8 19. Rxd8+ Kxd8 20. Rd1+ Ke7 21. g4 Rb8 22. gxf5 Bxf5 23. Nd4 Bd7 24. Kh2 Rf8 25. f4 c5 26. Nd5+ Kd8 27. Nb5 Bxb5 28. axb5 Kc8 29. Kg3 Re8 30. Kf3 Kb7 31. c4 c6 32. Nc3 Re7 33. bxc6+ Kxc6 34. Rd6+ Kb7 35. Rxb6+ Kxb6 36. Nd5+ Ka6 37. Nxe7 a4 38. bxa4 Ka5 39. Ke4 Kxa4 40. Kd5 Kb4 41. Nc6+ Kc3 42. Kxc5 1-0


[Site "https://www.chess.com"]

[Event "Titled Tuesday Blitz February 28 Early 2023"]
[White "Degenbaev, Aziz"]
[Black "Orlov, Georgi"]
[WhiteFideId "13802640"]
[BlackFideId "2011271"]
[WhiteElo "2152"]
[BlackElo "2643"]
[Result "1-0"]
[Round "06"]
[TimeControl "180+2"]
[Date "2023.02.28"]
[WhiteClock "0:00:40"]
[BlackClock "0:00:26"]

1. e4 d6 2. d4 Nf6 3. Nc3 g6 4. f3 c6 5. Be3 b5 6. Qd2 h5 7. Bd3 Qc7 8. Nge2 Nbd7 9. O-O a6 10. Rad1 Bb7 11. Nf4 e5 12. dxe5 dxe5 13. Nh3 Nc5 14. Qf2 Ne6 15. Ng5 Nf4 16. Bxf4 exf4 17. e5 Nd7 18. e6 Ne5 19. exf7+ Ke7 20. Rfe1 Kf6 21. Nce4+ 1-0


[Site "https://www.chess.com"]

[Event "Titled Tuesday Blitz February 28 Early 2023"]
[White "Trent, Lawrence"]
[Black "Ronka, Erik"]
[WhiteFideId "408638"]
[BlackFideId "505080"]
[WhiteElo "2458"]
[BlackElo "2264"]
[Result "1-0"]
[Round "06"]
[TimeControl "180+2"]
[Date "2023.02.28"]
[WhiteClock "0:00:58"]
[BlackClock "0:00:10"]

1. Nc3 d5 2. e3 c6 3. f4 g6 4. Nf3 Bg7 5. g3 Nd7 6. Bg2 e5 7. d3 exf4 8. exf4 Ngf6 9. Qe2+ Qe7 10. Qxe7+ Kxe7 11. O-O Re8 12. b3 Kf8 13. Ba3+ Kg8 14. Rae1 Rxe1 15. Rxe1 Bf8 16. Bb2 Bc5+ 17. Kf1 b6 18. Ne2 Bb7 19. Ned4 Re8 20. Rxe8+ Nxe8 21. Ne5 Nxe5 22. fxe5 Nc7 23. a3 Ne6 24. Ne2 Kf8 25. b4 Be7 26. c4 dxc4 27. dxc4 Nd8 28. Nd4 c5 29. Bxb7 Nxb7 30. Nc6 cxb4 31. axb4 a5 32. b5 Bc5 33. Ke2 Ke8 34. Kf3 Nd8 35. Ke4 Nxc6 36. bxc6 Kd8 37. Kd5 Kc7 38. Bc1 Be7 39. Bf4 Kc8 40. e6 fxe6+ 41. Kxe6 Bc5 42. Be5 Be3 43. Kf7 g5 44. g4 Bg1 45. h3 a4 46. Kg7 a3 47. Kxh7 Be3 48. Bf6 Bc1 49. h4 Bb2 50. hxg5 Bxf6 51. gxf6 a2 52. f7 a1=Q 53. f8=Q+ Kc7 54. Qg7+ Qxg7+ 55. Kxg7 Kxc6 56. Kf7 Kc5 57. g5 Kxc4 58. g6 b5 59. g7 b4 60. g8=Q b3 61. Qg1 Kc3 62. Qb1 1-0


[Site "https://www.chess.com"]

[Event "Titled Tuesday Blitz February 28 Early 2023"]
[White "Domingo Nunez, Ruben"]
[Black "Kuzmin, Roman"]
[WhiteFideId "22245570"]
[BlackFideId "44134932"]
[WhiteElo "2404"]
[BlackElo "2146"]
[Result "0-1"]
[Round "06"]
[TimeControl "180+2"]
[Date "2023.02.28"]
[WhiteClock "0:00:08"]
[BlackClock "0:00:08"]

1. e4 c5 2. d4 cxd4 3. c3 dxc3 4. Nxc3 Nc6 5. Nf3 a6 6. Bc4 d6 7. O-O Nf6 8. h3 e6 9. Qe2 Be7 10. Rd1 Qa5 11. Bf4 Ne5 12. Bb3 O-O 13. Nd4 Ng6 14. Bd2 Qd8 15. Be3 Bd7 16. f4 Re8 17. Nf3 Bc6 18. f5 exf5 19. exf5 Nf8 20. Ng5 d5 21. Qf3 Bb4 22. Nxd5 Nxd5 23. Rxd5 Qf6 24. Nxf7 Qxf7 25. Qd1 Kh8 26. Bd4 Bxd5 27. Bxd5 Qxf5 28. Qb3 Rad8 29. Qg3 Qg6 30. Qf3 Ne6 31. Bf2 Ng5 32. Qb3 Nxh3+ 33. Kf1 Nxf2 34. Kxf2 Bc5+ 35. Kf1 Qf5+ 36. Bf3 Qd3+ 37. Qxd3 Rxd3 38. Rc1 b6 39. a3 a5 40. b4 axb4 41. Be2 Rde3 42. Bb5 bxa3 43. Bxe8 Rxe8 44. Ra1 Rf8+ 45. Ke2 h6 46. Kd3 Rf2 47. Kc4 a2 48. Rxa2 Rxa2 0-1


[Site "https://www.chess.com"]

[Event "Titled Tuesday Blitz February 28 Early 2023"]
[White "Manukyan, Sargis A."]
[Black "Cabezas Solano, David Alejandro"]
[WhiteFideId "13303970"]
[BlackFideId "6507522"]
[WhiteElo "2187"]
[BlackElo "2030"]
[Result "1-0"]
[Round "06"]
[TimeControl "180+2"]
[Date "2023.02.28"]
[WhiteClock "0:00:59"]
[BlackClock "0:00:02"]

1. d4 Nf6 2. c4 e6 3. Nc3 d5 4. Nf3 Be7 5. Bg5 O-O 6. e3 Nbd7 7. cxd5 exd5 8. Bd3 c6 9. O-O Re8 10. Qc2 Nf8 11. Bxf6 Bxf6 12. b4 Bg4 13. Nd2 Qd6 14. Rab1 Rac8 15. Bf5 Bxf5 16. Qxf5 g6 17. Qd3 Ne6 18. Na4 h5 19. Nc5 Re7 20. Nxe6 Qxe6 21. Rfc1 h4 22. h3 Kh8 23. b5 g5 24. bxc6 bxc6 25. Qe2 Rg8 26. Qg4 Qd6 27. Rc2 Rc7 28. Rbc1 Rb8 29. Nb3 Kg7 30. Na5 Rbc8 31. Qe2 c5 32. dxc5 Rxc5 33. Nb3 Rxc2 34. Rxc2 Rxc2 35. Qxc2 Qb4 36. Qd1 Be5 37. Nd2 Bf6 38. Nf3 Qc4 39. Qd2 a6 40. e4 dxe4 41. Nxg5 Qd3 42. Qxd3 exd3 43. Ne4 Bg5 44. Kf1 Bf4 45. Nc5 d2 46. Ke2 a5 47. Nb3 a4 48. Nxd2 Kf6 49. Ne4+ Ke5 50. Kf3 Bh6 51. Nc5 f5 52. Nxa4 Kd4 53. Nb6 Kc3 54. Nc8 Kb2 55. Nd6 f4 56. Nf5 Bg5 57. Kg4 Bf6 58. Kxf4 Kxa2 59. Kg4 1-0


[Site "https://www.chess.com"]

[Event "Titled Tuesday Blitz February 28 Early 2023"]
[White "Jakubowski, Krzysztof"]
[Black "Goltseva, Ekaterina"]
[WhiteFideId "1112848"]
[BlackFideId "24173770"]
[WhiteElo "2359"]
[BlackElo "2200"]
[Result "0-1"]
[Round "06"]
[TimeControl "180+2"]
[Date "2023.02.28"]
[WhiteClock "0:00:01"]
[BlackClock "0:00:19"]

1. c4 Nf6 2. d4 e6 3. Nc3 d5 4. cxd5 exd5 5. Bg5 c6 6. e3 Be7 7. Bd3 h6 8. Bf4 O-O 9. Nf3 Nbd7 10. h3 Re8 11. O-O b5 12. Rc1 a5 13. Ne2 Bb7 14. Ng3 Qb6 15. Nf5 Bf8 16. Ne5 Nxe5 17. dxe5 Ne4 18. Qg4 Kh8 19. Bxe4 dxe4 20. Nd6 Bxd6 21. exd6 Rad8 22. Rfd1 Re6 23. Qf5 Kg8 24. h4 Bc8 25. Qc5 Qxc5 26. Rxc5 Bd7 27. b3 Kh7 28. Rd4 g6 29. a4 Rb8 30. Rd2 Ree8 31. axb5 Rxb5 32. Rdc2 Rxb3 33. Rxa5 Rb7 34. Be5 f5 35. Rca2 Kg8 36. Bf4 Kg7 37. Ra7 Reb8 38. Rxb7 Rxb7 39. Ra8 h5 40. Be5+ Kf7 41. Rh8 Ke6 42. Bf4 c5 43. Rh7 c4 44. Re7+ Kd5 45. Be5 Kc6 46. Kh2 Rb3 47. Rg7 c3 48. Bxc3 Rxc3 49. Rxg6 Rd3 50. Rh6 Rxd6 51. Rxh5 Rg6 52. Rg5 Rh6 53. Kg3 Kd6 54. Rg7 Be6 55. Ra7 Ke5 56. Ra5+ Kf6 57. Ra6 Rg6+ 58. Kh2 Rg4 59. Kh3 Rg8 60. Rb6 Kf7 61. Kh2 Rh8 62. Kg3 Bd7 63. Kh2 Rxh4+ 64. Kg3 Rg4+ 65. Kh2 Rg8 66. Rd6 Ke7 67. Rb6 Be6 68. Rb7+ Kf6 69. Rb6 Ke5 70. Rb5+ Bd5 71. Ra5 Rh8+ 72. Kg3 Rf8 73. Rb5 Kd6 74. Ra5 Rg8+ 75. Kh2 Rg4 76. Ra6+ Ke5 77. Ra5 f4 78. exf4+ Rxf4 79. Kg3 Rf7 80. Rb5 Kd4 81. Rb4+ Bc4 82. Rb8 Bd3 83. Rd8+ Kc3 84. Re8 Kd2 85. Ra8 Rg7+ 86. Kh2 Bf1 87. Kg1 Bxg2 88. Ra2+ Kc3 89. Ra3+ Kd4 90. Ra4+ Kd3 91. Ra3+ Kc4 0-1


[Site "https://www.chess.com"]

[Event "Titled Tuesday Blitz February 28 Early 2023"]
[White "Al-Tarboush, Ward"]
[Black "Srebrnic, Marko"]
[WhiteFideId "7601450"]
[BlackFideId "14603616"]
[WhiteElo "2267"]
[BlackElo "2341"]
[Result "1-0"]
[Round "06"]
[TimeControl "180+2"]
[Date "2023.02.28"]
[WhiteClock "0:01:35"]
[BlackClock "0:00:08"]

1. e4 c5 2. Nf3 e6 3. d4 cxd4 4. Nxd4 a6 5. Bd3 Qc7 6. O-O Nf6 7. c4 Nc6 8. Nxc6 bxc6 9. Nc3 e5 10. f4 Bc5+ 11. Kh1 d6 12. f5 h5 13. Bg5 Ng4 14. Qf3 Rb8 15. Na4 Bd4 16. f6 g6 17. Rab1 Qa5 18. b3 Bd7 19. Qe2 c5 20. h3 Kd8 21. g3 Kc7 22. hxg4 Bxg4 23. Qd2 Qxd2 24. Bxd2 h4 25. Kg2 hxg3 26. Rh1 Rh2+ 27. Rxh2 gxh2 28. Kxh2 Rh8+ 29. Kg3 Bd7 30. Kg2 Bh3+ 31. Kf3 Bd7 32. Bf1 Rh1 33. Nc3 Kc6 34. Bg2 Rh4 35. Nd5 a5 36. Rh1 Rg4 37. Bh3 Rg1 38. Bxd7+ Kxd7 39. Rxg1 Bxg1 40. Bxa5 Ke6 41. Bd2 Bd4 42. Kg4 Bb2 43. a4 Kd7 44. a5 Kc6 45. a6 Bd4 46. Kg5 Bf2 47. Kh6 Be1 48. Bxe1 1-0


[Site "https://www.chess.com"]

[Event "Titled Tuesday Blitz February 28 Early 2023"]
[White "Tan, Jun Ying"]
[Black "Wahedi, Ahmad Siar"]
[WhiteFideId "5710413"]
[BlackFideId "4651260"]
[WhiteElo "2089"]
[BlackElo "2461"]
[Result "1-0"]
[Round "06"]
[TimeControl "180+2"]
[Date "2023.02.28"]
[WhiteClock "0:00:17"]
[BlackClock "0:01:03"]

1. d4 d5 2. c4 c6 3. Nf3 Nf6 4. e3 e6 5. b3 Nbd7 6. Bb2 Bd6 7. Bd3 O-O 8. O-O Qe7 9. Ne5 c5 10. Nd2 cxd4 11. exd4 dxc4 12. bxc4 Rd8 13. Qc2 Nf8 14. Ndf3 Ba3 15. Ng5 Bxb2 16. Qxb2 Qd6 17. Rad1 Qc7 18. Ngxf7 Re8 19. c5 Bd7 20. Nd6 Reb8 21. Rc1 Bc6 22. Qe2 Bd5 23. Bc4 b6 24. Bxd5 exd5 25. Nb5 Qe7 26. c6 a6 27. Nc3 Rc8 28. Qf3 Qd6 29. Na4 Rab8 30. Rb1 b5 31. Nc5 Rb6 32. Qf5 Rc7 33. Rfe1 g6 34. Qh3 Re7 35. Re3 Rxc6 36. Nxc6 Rxe3 37. Qxe3 Qxc6 38. Qe7 N8d7 39. Nxd7 Nxd7 40. Re1 Nf6 41. Qe6+ Qxe6 42. Rxe6 Kf7 43. Rxa6 Nd7 44. Ra7 Ke6 45. Rb7 1-0


[Site "https://www.chess.com"]

[Event "Titled Tuesday Blitz February 28 Early 2023"]
[White "Martynov, Pavel"]
[Black "Guliev, Logman"]
[WhiteFideId "4101260"]
[BlackFideId "13400061"]
[WhiteElo "2314"]
[BlackElo "2161"]
[Result "0-1"]
[Round "06"]
[TimeControl "180+2"]
[Date "2023.02.28"]
[WhiteClock "0:00:16"]
[BlackClock "0:00:42"]

1. e4 c5 2. Nf3 d6 3. Bb5+ Bd7 4. Bxd7+ Qxd7 5. O-O Nc6 6. c3 g6 7. d4 cxd4 8. cxd4 Bg7 9. Nc3 Nh6 10. Re1 O-O 11. h3 f6 12. Bxh6 Bxh6 13. Qb3+ Kh8 14. e5 fxe5 15. dxe5 Rxf3 16. gxf3 Qxh3 17. Nd5 Nd4 18. exd6 Nxb3 19. axb3 exd6 20. f4 Qg4+ 21. Kf1 Qh3+ 22. Kg1 Qxb3 23. Nc7 Rc8 24. Ne6 Re8 25. Re3 Qxe6 26. Rxe6 Rxe6 27. Rxa7 Bxf4 28. Rxb7 Re2 29. Kg2 Be5 30. b4 Bd4 31. Rf7 Rb2 32. Rf4 Rxb4 33. Kh3 Bc5 34. Rf7 Re4 35. Rb7 Bxf2 36. Kg2 Bc5 37. Kh3 Rf4 38. Rd7 Kg8 39. Rb7 Rf7 40. Rb8+ Kg7 41. Kg4 h5+ 42. Kg5 Rf5+ 43. Kh4 Bf2+ 44. Kh3 g5 45. Rb4 Kg6 46. Rb8 g4+ 47. Kg2 Bc5 48. Ra8 h4 49. Kh2 Kg5 50. Ra4 h3 51. Kg3 Rf3+ 52. Kh2 Rf2+ 53. Kg3 Rg2# 0-1


[Site "https://www.chess.com"]

[Event "Titled Tuesday Blitz February 28 Early 2023"]
[White "Kvaloy, Aksel Bu"]
[Black "Sargissyan, Sargis"]
[WhiteFideId "1528815"]
[BlackFideId "13303210"]
[WhiteElo "2208"]
[BlackElo "2109"]
[Result "1-0"]
[Round "06"]
[TimeControl "180+2"]
[Date "2023.02.28"]
[WhiteClock "0:01:27"]
[BlackClock "0:00:48"]

1. d4 Nf6 2. c4 g6 3. Nc3 Bg7 4. Nf3 O-O 5. Bg5 d6 6. e3 c5 7. Be2 h6 8. Bh4 cxd4 9. exd4 Nc6 10. O-O Bg4 11. h3 Bxf3 12. Bxf3 Nd7 13. Re1 g5 14. Bxc6 bxc6 15. Bg3 Re8 16. Qd2 Nf6 17. h4 Nh5 18. hxg5 Nxg3 19. gxh6 Bf6 20. fxg3 e5 21. Ne4 exd4 22. Qf4 Be5 23. Qg4+ Kh8 24. Ng5 Rf8 25. Qf5 1-0


[Site "https://www.chess.com"]

[Event "Titled Tuesday Blitz February 28 Early 2023"]
[White "Bochnicka, Vladimir"]
[Black "Poliakova, Varvara"]
[WhiteFideId "14943450"]
[BlackFideId "13518313"]
[WhiteElo "2094"]
[BlackElo "2075"]
[Result "1-0"]
[Round "06"]
[TimeControl "180+2"]
[Date "2023.02.28"]
[WhiteClock "0:00:03"]
[BlackClock "0:00:21"]

1. e4 e5 2. Nf3 Nc6 3. Bc4 Bc5 4. c3 Nf6 5. d3 a6 6. Nbd2 Ba7 7. Nf1 d6 8. Bb3 O-O 9. Ng3 h6 10. O-O Be6 11. h3 d5 12. Qe2 d4 13. Bxe6 fxe6 14. c4 a5 15. Nh2 Qe8 16. f4 exf4 17. Bxf4 e5 18. Bd2 Ne7 19. Bxa5 Qg6 20. Nf5 Nxf5 21. Rxf5 Bc5 22. Bxc7 Nxe4 23. Rxf8+ Rxf8 24. Qxe4 Qxe4 25. dxe4 d3+ 26. Kh1 Bd4 27. Rd1 Rf2 28. Rxd3 Rxb2 29. Nf3 Bf2 30. Bxe5 Rxa2 31. Rd7 g5 32. Rg7+ Kf8 33. Rxb7 Re2 34. Bg7+ Ke8 35. Bxh6 Bg3 36. Bxg5 Rxe4 37. c5 Rc4 38. Re7+ Kf8 39. Rb7 Ke8 40. h4 Rxc5 41. h5 Ra5 42. Rb1 Kf7 43. h6 Kg6 44. Bd2 Ra7 45. Kg1 Kh7 46. Kf1 Rf7 47. Ke2 Re7+ 48. Be3 Bf4 49. Rb3 Bxh6 50. Kf2 Bg7 51. g4 Kg6 52. Kg3 Rd7 53. Bf4 Rd1 54. Rb6+ Kh7 55. Ng5+ Kg8 56. Rb8+ Bf8 57. Ne6 Rg1+ 58. Kf2 Rxg4 59. Rxf8+ Kh7 60. Kf3 Rg1 61. Rf7+ Kg8 62. Ra7 Kh8 63. Ke4 Kg8 64. Kf5 Kh8 65. Be5+ Kg8 66. Nf4 Rb1 67. Rg7+ Kf8 68. Ne6+ Ke8 69. Nf4 Kf8 70. Bf6 Rb5+ 71. Kg6 Rb6 72. Rf7+ Kg8 73. Re7 Kf8 74. Rd7 Ke8 75. Rd8# 1-0


[Site "https://www.chess.com"]

[Event "Titled Tuesday Blitz February 28 Early 2023"]
[White "Buksa, Nataliya"]
[Black "Shapiro, Viktor"]
[WhiteFideId "14123622"]
[BlackFideId "4175700"]
[WhiteElo "2316"]
[BlackElo "2132"]
[Result "1-0"]
[Round "06"]
[TimeControl "180+2"]
[Date "2023.02.28"]
[WhiteClock "0:00:13"]
[BlackClock "0:00:04"]

1. d4 Nf6 2. Nc3 d5 3. Bf4 Bf5 4. e3 e6 5. Nf3 Bd6 6. Ne5 O-O 7. g4 Bg6 8. h4 h5 9. Nxg6 fxg6 10. Bxd6 Qxd6 11. gxh5 gxh5 12. Be2 c5 13. Qd2 Nc6 14. O-O-O Rac8 15. Rhg1 Ne4 16. Nxe4 dxe4 17. Bxh5 cxd4 18. exd4 Qf4 19. Bg4 Rce8 20. Qxf4 Rxf4 21. Rg2 Rf6 22. c3 Kf7 23. Bxe6+ Rexe6 24. d5 Rd6 25. dxc6 bxc6 26. Rxd6 Rxd6 27. Kc2 Kf6 28. Rg4 Ke5 29. Rxg7 Rh6 30. Re7+ Kf4 31. Rf7+ Ke5 32. Rxa7 Rxh4 33. Rf7 Rh2 34. Kb3 Ke6 35. Rf8 Ke7 36. Rf4 Kd6 37. Rxe4 Rxf2 38. Rd4+ Kc7 39. a4 c5 40. Rh4 Kc6 41. Rh6+ Kd5 42. a5 c4+ 43. Ka3 Rf1 44. Kb4 Rb1 45. Rh5+ Kd6 46. Rh2 Kd5 47. Rd2+ Kc6 48. Kxc4 Ra1 49. b4 Ra3 50. Rh2 Kb7 51. Rh6 Ra1 52. a6+ Ka7 53. Kc5 Rc1 54. c4 Rb1 55. b5 Rb2 56. Rh7+ Kb8 57. Kb6 Kc8 58. a7 Ra2 59. a8=Q+ 1-0


[Site "https://www.chess.com"]

[Event "Titled Tuesday Blitz February 28 Early 2023"]
[White "Dinu, Dumitru-Daniel"]
[Black "Mamedov, Edgar"]
[WhiteFideId "1208403"]
[BlackFideId "13739980"]
[WhiteElo "2240"]
[BlackElo "2330"]
[Result "0-1"]
[Round "06"]
[TimeControl "180+2"]
[Date "2023.02.28"]
[WhiteClock "0:00:07"]
[BlackClock "0:00:08"]

1. e4 c5 2. b3 g6 3. Bb2 Nf6 4. Nc3 Bg7 5. Nge2 Nxe4 6. Nxe4 Bxb2 7. Rb1 Bg7 8. Nxc5 O-O 9. Nd3 e5 10. g3 d5 11. Bg2 Nc6 12. O-O Bf5 13. Nc3 Ne7 14. Re1 Rc8 15. Rc1 e4 16. Nf4 Bxc3 17. dxc3 Rxc3 18. Qd4 Qc7 19. Nxd5 Nxd5 20. Qxd5 Rd8 21. Qb5 a6 22. Qe2 Rc8 23. a4 e3 24. fxe3 Bxc2 25. Bh3 Rd8 26. b4 Bxa4 27. Qb2 Rxc1 28. Rxc1 Qe7 29. Qc3 Bc6 30. Bg2 Bxg2 31. Kxg2 Qe4+ 32. Kg1 Rd3 33. Qc8+ Kg7 34. Re1 Qxb4 35. Re2 Qe4 36. Qc1 Qe5 37. e4 Qd4+ 38. Kg2 Rd1 39. Qf4 Qg1+ 40. Kh3 Qf1+ 41. Qxf1 Rxf1 42. Rb2 Re1 43. Rxb7 Rxe4 44. Ra7 Re6 45. Kg2 h5 46. Kf3 g5 47. h3 Kg6 48. Ra8 Rb6 49. Rg8+ Kf5 50. g4+ hxg4+ 51. hxg4+ Kf6 52. Ra8 Rb3+ 53. Kf2 Ra3 54. Ra7 Ke6 55. Kg2 f6 56. Kf2 Ke5 57. Kg2 Kf4 58. Rf7 Kxg4 59. Rxf6 Ra2+ 60. Kg1 Kg3 61. Kf1 g4 62. Rg6 a5 63. Ra6 a4 64. Ra5 a3 65. Ra4 Ra1+ 66. Ke2 a2 67. Ra3+ Kh4 0-1


[Site "https://www.chess.com"]

[Event "Titled Tuesday Blitz February 28 Early 2023"]
[White "Gunduz, Umut Erdem"]
[Black "Heinemann, Josefine"]
[WhiteFideId "6381383"]
[BlackFideId "12900460"]
[WhiteElo "2182"]
[BlackElo "2342"]
[Result "1-0"]
[Round "06"]
[TimeControl "180+2"]
[Date "2023.02.28"]
[WhiteClock "0:00:09"]
[BlackClock "0:00:45"]

1. e4 c5 2. Nf3 d6 3. d4 cxd4 4. Nxd4 Nf6 5. Nc3 a6 6. Bg5 e6 7. f4 h6 8. Bh4 Qb6 9. Qd2 Qxb2 10. Rb1 Qa3 11. e5 dxe5 12. fxe5 Nfd7 13. Ne4 Qxa2 14. Rd1 Qd5 15. Qe3 Qxe5 16. c3 f5 17. Nxe6 fxe4 18. Bc4 Nc6 19. Bg3 Bc5 20. Qc1 Qh5 21. Nxg7+ Ke7 22. Nxh5 Nde5 23. Rd5 Nxc4 24. Rxc5 Be6 25. O-O e3 26. Rxc4 Bxc4 27. Qxe3+ Be6 28. Nf4 Nd8 29. Ng6+ 1-0


[Site "https://www.chess.com"]

[Event "Titled Tuesday Blitz February 28 Early 2023"]
[White "Avazkhonov, Alikhon"]
[Black "Gabdrakhmanov, Azat"]
[WhiteFideId "14208504"]
[BlackFideId "34189197"]
[WhiteElo "1739"]
[BlackElo "2315"]
[Result "0-1"]
[Round "06"]
[TimeControl "180+2"]
[Date "2023.02.28"]
[WhiteClock "0:00:02"]
[BlackClock "0:00:04"]

1. d4 Nf6 2. c4 g6 3. Nc3 Bg7 4. e4 O-O 5. f3 d6 6. Be3 a6 7. Qd2 c6 8. c5 b5 9. cxb6 Nbd7 10. Bc4 d5 11. exd5 Nxb6 12. Bb3 Nbxd5 13. Nxd5 Nxd5 14. Bh6 Bxh6 15. Qxh6 e5 16. O-O-O Qb6 17. h4 exd4 18. h5 Bf5 19. hxg6 Qc5+ 20. Kd2 Bxg6 21. Ne2 Rfe8 22. Ng3 d3 23. Ne4 Qb4+ 24. Kc1 Rxe4 25. fxe4 Qxe4 26. Rd2 Re8 27. Qh4 Qe5 28. Bd1 Ne3 29. Qb4 Nxd1 30. Rhxd1 c5 31. Qc3 Qd5 32. a3 c4 33. Qb4 Rc8 34. Qc3 h5 35. g3 Rb8 36. Qf6 a5 37. Rf2 Qb5 38. Qc3 Qa6 39. Rf4 Rc8 40. Rd4 a4 41. Rd5 Qe6 42. Re5 Qf6 43. Ra5 d2+ 44. Qxd2 Qf5 0-1


[Site "https://www.chess.com"]

[Event "Titled Tuesday Blitz February 28 Early 2023"]
[White "Toktomushev, Teimur"]
[Black "Yaran, Siar"]
[WhiteFideId "14176726"]
[BlackFideId "6323006"]
[WhiteElo "2106"]
[BlackElo "2191"]
[Result "0-1"]
[Round "06"]
[TimeControl "180+2"]
[Date "2023.02.28"]
[WhiteClock "0:00:01"]
[BlackClock "0:00:43"]

1. d4 Nf6 2. c4 e6 3. Nf3 d5 4. Nc3 Be7 5. cxd5 exd5 6. Bg5 c6 7. e3 Bf5 8. Bd3 Bxd3 9. Qxd3 Nbd7 10. O-O O-O 11. Rab1 a5 12. a3 Re8 13. Nd2 a4 14. f3 c5 15. Rbe1 Qb6 16. Qb5 Qxb5 17. Nxb5 Ra5 18. Nc3 Bf8 19. Kf2 b5 20. dxc5 Bxc5 21. Kg3 b4 22. axb4 Bxb4 23. Bxf6 Nxf6 24. e4 a3 25. exd5 Rxe1 26. Rxe1 axb2 27. Ncb1 Rxd5 28. Re2 h5 29. Ne4 Nxe4+ 30. fxe4 Rd3+ 31. Kf2 Rb3 32. Re3 Bc5 0-1


[Site "https://www.chess.com"]

[Event "Titled Tuesday Blitz February 28 Early 2023"]
[White "Andreev, Konstantin"]
[Black "Williams, Simon K"]
[WhiteFideId "24239305"]
[BlackFideId "404454"]
[WhiteElo "2106"]
[BlackElo "2468"]
[Result "0-1"]
[Round "06"]
[TimeControl "180+2"]
[Date "2023.02.28"]
[WhiteClock "0:01:00"]
[BlackClock "0:00:15"]

1. e4 c5 2. Nf3 d6 3. d4 cxd4 4. Nxd4 Nf6 5. Nc3 g6 6. Be3 a6 7. f3 h5 8. Qd2 Bg7 9. Bc4 Qc7 10. Bb3 Nc6 11. O-O-O Ne5 12. Kb1 Nc4 13. Bxc4 Qxc4 14. h4 b5 15. Nce2 b4 16. Rc1 e5 17. Nb3 O-O 18. Qxd6 Qxe2 19. Rhe1 Qb5 20. c4 bxc3 21. Rxc3 Be6 22. Rd1 Rab8 23. Rc5 Qe2 24. Rd3 Rfd8 25. Qxd8+ Rxd8 26. Rxd8+ Kh7 27. Bg5 Nxe4 28. fxe4 Qxe4+ 29. Ka1 Qxg2 30. Rd2 Qf3 31. Rc3 Qf1+ 32. Rc1 Qb5 33. Nc5 Bf5 34. a4 Qb4 35. b3 Qa3+ 36. Ra2 e4+ 37. Kb1 e3+ 0-1


[Site "https://www.chess.com"]